 Dungeon Sprint DCSS version 0.30-a0-305-g026cb31310 (webtiles) character file.

Game seed: 9275627876708784463

112 garrulousMonolith the Slasher (level 4, -2/35 (39) HPs)
             Began as a Gnoll Reaver on Oct 22, 2022.
             Was a Believer of Cheibriados.
             Slain by a wight
             ... wielding a +3 long sword
              (9 damage)
             ... in the Dungeon (Sprint VII: "The Pits").
             The game lasted 00:01:16 (117 turns).

garrulousMonolith the Slasher (Gnoll Reaver)         Turns: 117, Time: 00:01:17

HP:   -2/35 (39)    AC:  3    Str: 15    XL:     4   Next: 95%
MP:   12/12         EV: 14    Int: 19    God:    Cheibriados [**....]
Gold: 0             SH:  0    Dex: 14    Spells: 14/15 levels left

rFire   . . .      SeeInvis .    i - +2 falchion
rCold   . . .      Faith    .    (no shield)
rNeg    . . .      Spirit   .    b - +0 leather armour
rPois   .          Reflect  .    (no helmet)
rElec   .          Harm     .    (no cloak)
rCorr   .          Rampage  .    (no gloves)
Will    .....      NoTele   +    (no boots)
Stlth   ++........               (no amulet)
HPRegen 0.25/turn                (no ring)
MPRegen 0.13/turn                (no ring)

@: on berserk cooldown, slowed, heavily drained, invisible, very slow
A: fangs 1, strong nose, distributed training
a: Renounce Religion, Bend Time


You were in the Dungeon.
You worshipped Cheibriados.
Cheibriados was pleased with you.
You visited 1 branch

Inventory:

Hand Weapons
 a - a +0 falchion
 i - a +2 falchion (weapon)
 n - a +2 quarterstaff
 o - a +2 trident
Armour
 b - a +0 leather armour (worn)
Scrolls
 k - 5 scrolls of amnesia
 l - a scroll of summoning
 m - 2 scrolls of vulnerability
Potions
 e - a potion of haste
 f - 3 potions of magic
 g - 2 potions of berserk rage
 j - a potion of invisibility


   Skills:
 + Level 5.6 Fighting
 + Level 3.2 Short Blades
 + Level 7.3 Long Blades
 + Level 3.2 Axes
 + Level 3.2 Maces & Flails
 + Level 3.2 Polearms
 + Level 3.2 Staves
 + Level 3.2 Ranged Weapons
 + Level 3.2 Throwing
 + Level 3.2 Armour
 + Level 5.6 Dodging
 + Level 3.2 Stealth
 + Level 3.2 Shields
 + Level 3.2 Unarmed Combat
 + Level 6.0 Spellcasting
 + Level 6.1 Conjurations
 + Level 2.6 Hexes
 + Level 2.6 Summonings
 + Level 2.6 Necromancy
 + Level 2.6 Translocations
 + Level 2.6 Transmutations
 + Level 2.6 Fire Magic
 + Level 2.6 Ice Magic
 + Level 2.6 Air Magic
 + Level 2.6 Earth Magic
 + Level 2.6 Poison Magic
 + Level 3.5 Invocations
 + Level 3.2 Evocations


You had 14 spell levels left.
You knew the following spells:

 Your Spells              Type           Power      Damage    Failure   Level
a - Kiss of Death         Conj/Necr      88%        2d12      2%          1

Your spell library contained the following spells:

 Spells                   Type           Power      Damage    Failure   Level
 Momentum Strike          Conj/Tloc      44%        3d9       3%          2
 Hailstorm                Conj/Ice       22%        3d7       7%          3


Dungeon Overview and Level Annotations

Branches:
Dungeon (1/1)

Altars:
Ashenzari
Cheibriados
Dithmenos
Elyvilon
Fedhas
Gozag
Hepliaklqana
Kikubaaqudgha
Makhleb
Nemelex Xobeh
Okawaru
Qazlal
Ru
Sif Muna
Trog
Uskayaw
Vehumet
Wu Jian
Xom
Yredelemnul
Zin
The Shining One
Jiyva
Lugonu


Innate Abilities, Weirdness & Mutations

You have very sharp teeth.
Your uncanny sense of smell can sniff out nearby items.
Your experience applies equally to all skills.


Message History

You feel drained.
The hobgoblin hits you but does no damage.
The wight attacks as you move away!
The wight hits you with a +3 long sword.
The hobgoblin closely misses you.
The hobgoblin hits you but does no damage.
The wight misses you.
There is an open door here.
The wight attacks as you move away!
The wight hits you with a +3 long sword!
* * * LOW HITPOINT WARNING * * *
The hobgoblin hits you.
* * * LOW HITPOINT WARNING * * *
The wight closely misses you.
You feel better. The wight barely misses you. The hobgoblin barely misses you.
Okay, then.
Okay, then.
Okay, then.
The wight closely misses you.
The wight hits you with a +3 long sword!
* * * LOW HITPOINT WARNING * * *
You feel drained.
* * * LOW HITPOINT WARNING * * *
The hobgoblin hits you but does no damage.
Blink to where?
Press: ? - help, Dir - move target
As you read the scroll of blinking, it crumbles to dust.
Magic courses through your body.
Casting: Kiss of Death (safe; 2% risk of failure)
Confirm with . or Enter, or press ? or * to list all spells.
You don't know that spell.
Casting: Kiss of Death (safe; 2% risk of failure)
Confirm with . or Enter, or press ? or * to list all spells.
Okay, then.
You fade into invisibility!
The wight closely misses you.
You hit the wight.
The wight is severely damaged.
The wight hits you with a +3 long sword!
You die...

∆∆∆∆∆∆∆ ############
#_________.#
#_________.#
#_______...###########++
##########'##...........
#..(.').)'.##......#..#
##########@##..........
#.......gz.)'...........
#+#####z#####......#..#.
#.)#..##...........
+..z..#####'#####+
####z###.......#
#..zz.z..##.......#
#........##.......#
#####+#####...<...#


You could see 2 wights and a hobgoblin (unable to see you).

Vanquished Creatures
  A scorpion (D)
  A wight (D)
  An orc (D)
  2 endoplasms (D)
  A quokka (D)
  A kobold (D)
7 creatures vanquished.

Notes
Turn   | Place    | Note
-------+----------+-------------------------------------------
     0 | D        | garrulousMonolith the Gnoll Reaver began the quest for the
                  | Orb.
     0 | D        | Reached XP level 1. HP: 20/20 MP: 6/6
    40 | D        | Found a glowing golden altar of the Shining One.
    40 | D        | Found a glowing silver altar of Zin.
    40 | D        | Found a basalt altar of Yredelemnul.
    40 | D        | Found a shimmering altar of Xom.
    40 | D        | Found an ornate altar of the Wu Jian Council.
    40 | D        | Found a bloodstained altar of Trog.
    40 | D        | Found a shimmering blue altar of Sif Muna.
    40 | D        | Found a sacrificial altar of Ru.
    40 | D        | Found a stormy altar of Qazlal.
    40 | D        | Found an iron altar of Okawaru.
    40 | D        | Found a sparkling altar of Nemelex Xobeh.
    40 | D        | Found a burning altar of Makhleb.
    40 | D        | Found a viscous altar of Jiyva.
    40 | D        | Found a hazy altar of Hepliaklqana.
    40 | D        | Found an opulent altar of Gozag.
    40 | D        | Found a blossoming altar of Fedhas.
    40 | D        | Found a white marble altar of Elyvilon.
    40 | D        | Found a shadowy altar of Dithmenos.
    40 | D        | Found a snail-covered altar of Cheibriados.
    41 | D        | Found a radiant altar of Vehumet.
    41 | D        | Found a corrupted altar of Lugonu.
    42 | D        | Found a hide-covered altar of Uskayaw.
    42 | D        | Found an ancient bone altar of Kikubaaqudgha.
    42 | D        | Found a broken altar of Ashenzari.
    48 | D        | Became a worshipper of Cheibriados the Contemplative
    79 | D        | Reached skill level 5 in Spellcasting
    85 | D        | Reached skill level 1 in Invocations
    85 | D        | Reached * piety under Cheibriados
    86 | D        | Reached skill level 1 in Short Blades
    86 | D        | Reached skill level 1 in Axes
    86 | D        | Reached skill level 1 in Maces & Flails
    86 | D        | Reached skill level 1 in Polearms
    86 | D        | Reached skill level 1 in Staves
    86 | D        | Reached skill level 1 in Ranged Weapons
    86 | D        | Reached skill level 1 in Throwing
    86 | D        | Reached skill level 1 in Armour
    86 | D        | Reached skill level 1 in Stealth
    86 | D        | Reached skill level 1 in Shields
    86 | D        | Reached skill level 1 in Unarmed Combat
    86 | D        | Reached skill level 1 in Evocations
    90 | D        | Noticed a wight
    96 | D        | Killed a wight
    97 | D        | Reached skill level 5 in Fighting
    97 | D        | Reached skill level 7 in Long Blades
    97 | D        | Reached skill level 5 in Dodging
    97 | D        | Reached XP level 2. HP: 25/27 MP: 6/8
    97 | D        | Reached XP level 3. HP: 30/33 MP: 7/10
    97 | D        | Reached ** piety under Cheibriados
    98 | D        | Reached XP level 4. HP: 36/39 MP: 7/11
    98 | D        | Noticed a scorpion
   105 | D        | Killed a scorpion
   117 | D        | Slain by a wight

Illustrated notes

Levels and vault maps discovered:
D:        pitsprint [storerooms_1, entrance_room_1, metal_vault_3, armoury_2,
          mini_pit_1, grid_room_1, main_hall_1, silver_pit, the_coven_3,
          the_vestibule_1, steel_vault_4, golden_pit, hallway_of_sentries,
          crystal_vault_6, iron_vault_1, final_vault]

Skill      XL: |  1  2  3  4 |
---------------+-------------+-----
Spellcasting   | 5 6 |  6.0
Invocations    | 2 3 |  3.5
Short Blades   | 2 3 |  3.2
Axes           | 2 3 |  3.2
Maces & Flails | 2 3 |  3.2
Polearms       | 2 3 |  3.2
Staves         | 2 3 |  3.2
Ranged Weapons | 2 3 |  3.2
Throwing       | 2 3 |  3.2
Armour         | 2 3 |  3.2
Stealth        | 2 3 |  3.2
Shields        | 2 3 |  3.2
Unarmed Combat | 2 3 |  3.2
Evocations     | 2 3 |  3.2
Fighting       | 5 |  5.6
Long Blades    | 7 |  7.3
Dodging        | 5 |  5.6
Hexes          | 2 |  2.6
Summonings     | 2 |  2.6
Necromancy     | 2 |  2.6
Translocations | 2 |  2.6
Transmutations | 2 |  2.6
Fire Magic     | 2 |  2.6
Ice Magic      | 2 |  2.6
Air Magic      | 2 |  2.6
Earth Magic    | 2 |  2.6
Poison Magic   | 2 |  2.6
Conjurations   | 6 |  6.1

Action                   |  1- 3 |  4- 6 || total
-------------------------+-------+-------++-------
Melee: Falchion          |    14 |     9 ||    23
       Bite              |     3 |     1 ||     4
       Punch             |     1 |       ||     1
Invok: Bend Time         |       |     1 ||     1
  Use: Potion            |     1 |     4 ||     5
       Scroll            |       |     1 ||     1
Armor: Leather armour    |     3 |     5 ||     8
Dodge: Dodged            |     7 |    14 ||    21

Table legend: (Time is in decaauts)
 A = Elapsed time spent in this place.
 B = Non-inter-level travel time spent in this place.
 C = Inter-level travel time spent in this place.
 D = Time resting spent in this place.
 E = Time spent auto-exploring this place.
 F = Levels seen in this place.
 G = Mean time per level.
                   A        B        C        D        E       F      G
               +--------+--------+--------+--------+--------+-----+--------+
         Total |    135 |    135 |      0 |      0 |      0 |   1 |  135.0 |
       Dungeon |    135 |    135 |      0 |      0 |      0 |   1 |  135.0 |
               +--------+--------+--------+--------+--------+-----+--------+

Top non-repeatable levels by time:
       D: 135 daAuts
